 Dungeon Crawl Stone Soup version 0.23.2-1-ga50397a6bc (webtiles) character file.

Game seed: 12988376496092592276

221 Marnok the Covered (level 5, -4/47 HPs)
             Began as a Minotaur Fighter on May 30, 2019.
             Slain by a mummy (10 damage)
             ... in an ossuary.
             The game lasted 00:08:49 (2510 turns).

Marnok the Covered (Minotaur Fighter)               Turns: 2510, Time: 00:08:49

Health: -4/47      AC:  7    Str: 22    XL:     5   Next: 65%
Magic:  4/4        EV:  8    Int: 10    God:
Gold:   269        SH:  9    Dex:  9    Spells: 4/4 levels left

rFire    . . .     SeeInvis +   a - +0 long sword
rCold    . . .     Gourm    .   c - +0 shield
rNeg     . . .     Faith    .   b - +0 scale mail
rPois    .         Spirit   .   (helmet restricted)
rElec    .         Reflect  .   (no cloak)
rCorr    .         Harm     .   (no gloves)
MR       .....                  (no boots)
Stlth    ..........             (no amulet)
HPRegen  0.15/turn              q - +3 ring of slaying
MPRegen  0.09/turn              i - ring of see invisible

@: brilliant, flying
A: retaliatory headbutt, horns 2
a: no special abilities


You were in an ossuary.
You were not hungry.

You visited 1 branch of the dungeon, and saw 4 of its levels.
You also visited: Sewer and Ossuary.

You collected 269 gold pieces.

Inventory:

Hand Weapons
 a - a +0 long sword (weapon)
 e - a +0 falchion of electrocution
 m - a +2 hand axe of freezing
 v - a +3 quarterstaff of chaos
Armour
 b - a +0 scale mail (worn)
 c - a +0 shield (worn)
 p - a +0 cloak
 x - a +0 cloak
Jewellery
 i - a ring of see invisible (right hand)
 q - a +3 ring of slaying (left hand)
 w - a +4 ring of strength {unknown}
Wands
 d - a wand of random effects (26)
Scrolls
 o - 2 scrolls of enchant weapon {unknown}
 r - a scroll of blinking {unknown}
 s - a scroll of identify
 t - 2 scrolls of teleportation
Potions
 g - a potion of haste
 h - a potion of magic {unknown}
 j - 5 potions of agility
 k - a potion of resistance
 l - 2 potions of brilliance
 n - 2 potions of flight
 u - a potion of curing {unknown}
Comestibles
 f - 6 rations


   Skills:
 + Level 4.6 Fighting
 + Level 4.2 Long Blades
 + Level 4.8 Armour
 + Level 1.9 Dodging
 + Level 4.7 Shields


You had 4 spell levels left.
You didn't know any spells.
Your spell library was empty.

Dungeon Overview and Level Annotations

Branches:
Dungeon (4/15)
 Temple: D:4-7

Altars:
Dithmenos
Gozag


Innate Abilities, Weirdness & Mutations

You reflexively headbutt those who attack you in melee.
You have a pair of horns on your head.


Message History

Found a scroll labeled IMUOCR IXZI and a scroll labeled ESHRARA VOG.
The mummy hits you!
You hit the mummy. You headbutt the mummy.
The mummy is heavily damaged.
You barely miss the mummy.
The mummy is heavily damaged.
The mummy hits you.
You barely miss the mummy.
The mummy is heavily damaged.
The mummy hits you!
* * * LOW HITPOINT WARNING * * *
You hit the mummy.
The mummy is severely damaged.
The mummy hits you but does no damage.
It was a potion of flight.
You feel very buoyant.
You fly up into the air.
You feel clever all of a sudden. The mummy hits you!
You die...

#.# ###+### #.#
##.....## ##.+
##.......###..#
#.........#...+
+....⌠....'...#
#.........#...+
##.......###..#
##.....## ##@+
###'### #M# #.#
#.# ##.## ?..
#.∩.# ?!! #.∩.#
##### #####


You could see a mummy.

Vanquished Creatures
  A crocodile (Sewer)
  Crazy Yiuf (D:2)
  Terence (D:3)
  3 adders
  An ooze (D:1)
  4 dart slugs
  A leopard gecko (D:2)
  11 bats
  2 giant cockroaches (D:2)
  5 goblins
  4 hobgoblins
  4 jackals (D:2)
  9 kobolds
  2 ball pythons
  2 frilled lizards (D:1)
  8 rats
  2 fungi (D:2)
61 creatures vanquished.

Notes
Turn   | Place    | Note
-------+----------+-------------------------------------------
     0 | D:1      | Marnok the Minotaur Fighter began the quest for the Orb.
     0 | D:1      | Reached XP level 1. HP: 19/19 MP: 0/0
   221 | D:1      | Reached XP level 2. HP: 27/27 MP: 1/1
   487 | D:1      | You fall through a shaft!
   533 | D:2      | Found an opulent altar of Gozag.
   603 | D:3      | Found a shadowy altar of Dithmenos.
   821 | D:3      | Noticed Terence
   830 | D:3      | Killed Terence
   830 | D:3      | Reached XP level 3. HP: 26/34 MP: 2/2
  1182 | D:3      | Found a glowing drain.
  1191 | Sewer    | Entered a sewer
  1197 | Sewer    | Reached XP level 4. HP: 37/41 MP: 3/3
  1229 | Sewer    | Noticed a crocodile
  1233 | Sewer    | Killed a crocodile
  1233 | Sewer    | Reached XP level 5. HP: 25/47 MP: 4/4
  2337 | D:2      | Found a runed translucent door.
  2338 | D:2      | Noticed Crazy Yiuf
  2344 | D:2      | Killed Crazy Yiuf
  2344 | D:2      | Reached skill level 1 in Dodging
  2482 | D:4      | Found a sand-covered staircase.
  2489 | Ossuary  | Entered an ossuary
  2510 | Ossuary  | Slain by a mummy

Skill      XL: |  1  2  3  4  5 |
---------------+----------------+-----
Fighting       | 4 |  4.6
Armour         | 4 |  4.8
Shields        | 4 |  4.7
Long Blades    | 3 4 |  4.2
Dodging        | 1 |  1.9

Action                   |  1- 3 |  4- 6 || total
-------------------------+-------+-------++-------
Melee: Long sword        |    61 |    79 ||   140
       Headbutt          |     8 |    19 ||    27
  Use: Scroll            |     3 |     5 ||     8
       Potion            |     1 |     2 ||     3
  Eat: Chunk             |       |     5 ||     5
Armor: Scale mail        |    47 |    25 ||    72
Dodge: Dodged            |    15 |    27 ||    42
Block: Shield            |    38 |    33 ||    71
       Rpst.: Long sword |     4 |     9 ||    13
